 Dungeon Crawl Stone Soup version 0.27.1-34-g3ba077fa99 (webtiles) character file.

Game seed: 14850648506010511331

41 Delamore the Sneak (level 3, 0/24 HPs)
             Began as an Octopode Brigand on Feb 12, 2022.
             Slain by a goblin (2 damage)
             ... led by Robin
             ... on level 1 of the Dungeon.
             The game lasted 00:00:55 (1158 turns).

Delamore the Sneak (Octopode Brigand)               Turns: 1158, Time: 00:00:56

Health: 0/24       AC:  1    Str: 10    XL:     3   Next: 52%
Magic:  3/3        EV: 12    Int: 13    God:
Gold:   20         SH:  0    Dex: 14    Spells: 2/2 levels left

rFire    . . .     SeeInvis .   a - +2 dagger
rCold    . . .     Faith    .   (no shield)
rNeg     . . .     Spirit   .   (helmet restricted)
rPois    .         Reflect  .   (no amulet)
rElec    .         Harm     .   (no ring)
rCorr    .         Rampage  .   (no ring)
Will     .....                  (no ring)
Stlth    ++++......             (no ring)
HPRegen  0.08/turn              (no ring)
MPRegen  0.08/turn              (no ring)
                                (no ring)
                                (no ring)

@: no status effects
A: almost no armour, amphibious, 8 rings, camouflage 1, gelatinous body 1,
(nimble swimmer 1), tentacles
a: no special abilities


You were on level 1 of the Dungeon.
You visited 1 branch of the dungeon, and saw 2 of its levels.

You collected 20 gold pieces.

Inventory:

Hand Weapons
 a - a +2 dagger (weapon)
Missiles
 b - 8 poisoned darts
 c - a curare-tipped dart (quivered)
Scrolls
 d - 3 scrolls of teleportation {unknown}
 f - a scroll of blinking {unknown}
 g - a scroll of acquirement {unknown}
 h - a scroll of magic mapping {unknown}
 i - a scroll of noise {unknown}
Potions
 e - 2 potions of curing {unknown}


   Skills:
 - Level 2.0 Fighting
 + Level 2.6 Short Blades
 - Level 2.0 Throwing
 - Level 1.0 Dodging
 * Level 6.6 Stealth


You had 2 spell levels left.
You didn't know any spells.
Your spell library was empty.

Dungeon Overview and Level Annotations

Branches:
Dungeon (2/15)

Altars:

Shops:
D:1 :


Innate Abilities, Weirdness & Mutations

You cannot wear most types of armour.
You are amphibious.
You can wear up to eight rings at the same time.
Your skin changes colour to match your surroundings (Stealth+).
Your rubbery body absorbs attacks. (AC +1, EV +1)
((You are camouflaged near water. (Stealth+)))
You have tentacles for arms and can constrict up to eight enemies at once.


Message History

You see here a +0 dagger.
The goblin throws a stone.
The stone barely misses you.
There is a stone staircase leading up, spattered with blood here.
You climb upwards.
There is a stone staircase leading down here.
You start waiting.
Done waiting.
You climb downwards.
The ball python misses you. The ball python barely misses you.
The goblin throws a stone.
The stone hits you. The hobgoblin closely misses you. The hobgoblin hits you.
The ball python bites you. The ball python misses you.
There is a stone staircase leading up, spattered with blood here.
You hit the hobgoblin. You grab the hobgoblin.
The hobgoblin is heavily wounded.
You constrict the hobgoblin. The hobgoblin misses you.
The ball python bites you. The ball python grabs you.
The ball python constricts you. The hobgoblin hits you.
The goblin hits you but does no damage.
The goblin throws a stone.
The stone closely misses you.
The stone barely misses the hobgoblin.
You hit the ball python. Your grab misses the ball python.
The ball python is severely wounded.
You constrict the hobgoblin.
You kill the hobgoblin!
The ball python closely misses you. The ball python constricts you.
The hobgoblin hits you. The goblin hits you with a +0 dagger.
You escape the ball python's grasp.
The hobgoblin closely misses you. The ball python bites you.
* * * LOW HITPOINT WARNING * * *
The ball python closely misses you. The goblin barely misses you.
The goblin hits you with a +0 dagger.
* * * LOW HITPOINT WARNING * * *
You climb upwards.
There is a stone staircase leading down here.
You hit the hobgoblin but do no damage. You grab the hobgoblin.
You constrict the hobgoblin, but do no damage.
The hobgoblin hits you.
* * * LOW HITPOINT WARNING * * *
The ball python closely misses you. The ball python barely misses you.
The goblin hits you with a +0 dagger.
You die...

#.#......)........
####.#.##............
#......##............
#......##.#+######.##
#...........# #.#
#.......#.########.#
####g#..#........#.#
#S##########.##.##
#@g...............
#g########.#.##.##
#.# #.#.##.## #.#
#.#.##... #.######
#.#...... #.#....#
#.######. #.#....#
#.#.....# #.#....#
#.#......
#.#....###.##...##


You could see a hobgoblin, 2 goblins and a ball python.

Vanquished Creatures
  Robin (D:2)
  A dart slug (D:1)
  2 bats
  An endoplasm (D:1)
  2 giant cockroaches (D:1)
  6 goblins
  6 hobgoblins
  2 kobolds (D:1)
  A ball python (D:2)
  A frilled lizard (D:1)
  A rat (D:1)
24 creatures vanquished.

Notes
Turn   | Place    | Note
-------+----------+-------------------------------------------
     0 | D:1      | Delamore the Octopode Brigand began the quest for the Orb.
     0 | D:1      | Reached XP level 1. HP: 14/14 MP: 1/1
    33 | D:1      | Found Nyosoaj's Book Emporium.
   257 | D:1      | Reached XP level 2. HP: 19/19 MP: 2/2
   302 | D:1      | Found a faded altar of an unknown god.
   355 | D:1      | Reached skill level 6 in Stealth
   823 | D:2      | Noticed Robin
   843 | D:2      | Reached XP level 3. HP: 19/24 MP: 3/3
  1047 | D:2      | Killed Robin
  1158 | D:1      | Slain by a goblin

Illustrated notes

Levels and vault maps discovered:
D:1:      dpeg_arrival_leaves_temple_mockup, layout_basic, serial_shops, shop,
          hellmonk_ecumenical_altar_leap_of_faith
D:2:      layout_rooms, uniq_natasha, uniq_terence, uniq_robin

Skill      XL: |  1  2 |
---------------+-------+-----
Stealth        | 6 |  6.6
Fighting       | |  2.0
Short Blades   | |  2.6
Throwing       | |  2.0
Dodging        | |  1.0

Action                   || total
-------------------------++-------
Melee: Dagger            ||    41
       Constrict         ||    10
       Tentacles         ||     5
Throw: Dart              ||     1
 Stab: Sleeping          ||    12
Armor: Skin              ||     5
Dodge: Dodged            ||    27
